[Event "Team 45 45 League T87"]
[Site "Internet Chess Club"]
[Date "2021.02.08"]
[Round "5"]
[White "McDreasor"]
[Black "Goli"]
[Result "1-0"]
[WhiteElo "1938"]
[BlackElo "1776"]
[Opening "Robatsch (modern) defense"]
[ECO "B06"]
[Time "14:00:36"]
[TimeControl "2700+45"]

1. e4 g6 2. d4 Bg7 3. Be3 d6 4. Nc3 Nf6 5. f3 Nc6 6. Qd2 e5 7. Nge2 exd4 8. Nxd4
Bd7 9. O-O-O a6 10. h4 Nh5 11. g4 Ng3 12. Rg1 Nxf1 13. Rdxf1 h6 14. f4 Qxh4 15.
f5 O-O-O 16. f6 Bxf6 17. Rh1 Qg5 18. Bxg5 Bxg5 19. Qxg5 hxg5 20. Rxh8 Rxh8 21.
Nxc6 bxc6 22. Rxf7 Bxg4 23. Rf6 Bh5 24. e5 Kd7 25. exd6 cxd6 26. Ne4 d5 27. Nc5+
Kc7 28. Nxa6+ Kb6 29. Nb4 Rc8 30. Nxd5+ Kc5 31. Ne7 Rd8 32. Rxc6+ Kb5 33. c4+
Ka5 34. Nd5 Ra8 35. b4+ Ka4 36. Nb6+ Kxb4 37. Nxa8 Bf3 38. Rc8 g4 39. Kd2 Ka3
40. Nb6 Kxa2 41. c5 g3 42. Ke1 g5 43. c6 g4 44. c7 g2 45. Kf2 g3+ 46. Kg1 Kb3
47. Rf8 {Black resigns} 1-0

[Event "Team 45 45 League T87"]
[Site "Internet Chess Club"]
[Date "2021.02.06"]
[Round "5"]
[White "Egmont"]
[Black "elmaestro"]
[Result "0-1"]
[WhiteElo "1689"]
[BlackElo "1666"]
[Opening "Grünfeld: exchange variation"]
[ECO "D85"]
[Time "12:03:28"]
[TimeControl "2700+45"]

1. d4 Nf6 2. c4 d5 3. Nc3 g6 4. cxd5 Nxd5 5. Bd2 Bg7 6. e4 Nb6 7. d5 c6 8. dxc6
Nxc6 9. Nf3 O-O 10. h3 Be6 11. Bg5 Nc4 12. Qc1 Qa5 13. Nd2 Nxb2 {White resigns}
0-1

[Event "Team 45 45 League T87"]
[Site "Internet Chess Club"]
[Date "2021.02.07"]
[Round "5"]
[White "Signofthetimes"]
[Black "ascoli"]
[Result "1-0"]
[WhiteElo "1587"]
[BlackElo "1717"]
[Opening "French defense"]
[ECO "C00"]
[Time "22:00:51"]
[TimeControl "2700+45"]

1. e4 e6 2. Nf3 d5 3. exd5 exd5 4. d4 Bd6 5. Nc3 Ne7 6. Bb5+ c6 7. Be2 O-O 8.
Bg5 Bf5 9. Qd2 f6 10. Bh4 Nd7 11. O-O-O b5 12. Bd3 Bxd3 13. Qxd3 a5 14. Bg3 Nb6
15. Rde1 b4 16. Nb1 Qd7 17. Bxd6 Qxd6 18. Nbd2 a4 19. Re3 Ng6 20. g3 Rfe8 21.
Rhe1 Qd7 22. h4 Nf8 23. Qe2 Rxe3 24. Qxe3 Nc4 25. Nxc4 dxc4 26. c3 b3 27. a3 Qf5
28. Qe4 Qd5 29. Qxd5+ cxd5 30. Re7 Ra6 31. Kd2 h5 32. Ng1 g5 33. hxg5 fxg5 34.
Re5 Rf6 35. Rxg5+ Kh7 36. f4 Ne6 37. Rxh5+ Kg7 38. Rxd5 Rh6 39. Re5 {Black
resigns} 1-0

[Event "Team 45 45 League T87"]
[Site "Internet Chess Club"]
[Date "2021.02.05"]
[Round "5"]
[White "cityprosecutor"]
[Black "evan7284"]
[Result "1-0"]
[WhiteElo "1682"]
[BlackElo "1670"]
[Opening "Four knights: Belgrade gambit"]
[ECO "C47"]
[Time "09:08:46"]
[TimeControl "2700+45"]

1. e4 e5 2. Nf3 Nf6 3. Nc3 Nc6 4. d4 exd4 5. Nd5 Bc5 6. Bg5 h6 7. Bxf6 gxf6 8.
Qd2 Ne5 9. Nxd4 c6 10. Nf4 Qb6 11. c3 Be7 12. Nf5 Qc7 13. O-O-O Ng6 14. Nxg6
fxg6 15. Nxh6 d6 16. Bc4 Rh7 17. Ng8 Bd7 18. Nxe7 Kxe7 19. f4 Bg4 20. Be2 Bxe2
21. Qxe2 Re8 22. Qg4 Kf7 23. Qf3 Qe7 24. Rde1 Qe6 25. Kb1 Qc4 26. h3 Rh5 27. f5
Rh6 28. fxg6+ Rxg6 29. Rhf1 Re5 30. Rf2 d5 31. Rfe2 dxe4 32. Rxe4 Rxe4 33. Rxe4
Qd5 34. g4 Rg5 35. Rf4 Qxf3 36. Rxf3 Re5 37. Kc2 Re2+ 38. Kb3 Re4 39. a4 Kg6 40.
Ka3 Re5 41. b4 Kg5 42. h4+ Kg6 43. Kb3 Re4 44. Rg3 b6 45. Kc2 Re2+ 46. Kb3 Re4
47. c4 Kh6 48. g5+ fxg5 49. hxg5+ Kg6 50. Kc3 Re5 51. Kd4 Re1 52. c5 Re2 53.
cxb6 axb6 54. Rc3 Re6 55. Rg3 Re1 56. Kc4 Re4+ 57. Kb3 Re5 58. Rc3 Re6 59. Rg3
Re1 60. a5 bxa5 61. bxa5 Ra1 62. Kb4 Rb1+ 63. Rb3 Ra1 64. Ra3 Rb1+ 65. Kc5 Rb5+
66. Kxc6 Rxg5 67. a6 Kh7 68. Rc3 Ra5 69. Kb6 Ra1 70. Rb3 Rg1 71. a7 Rg6+ 72. Ka5
Rg5+ 73. Rb5 Rg8 74. Ka6 {Black resigns} 1-0